Cogmind - Beta 10 X2 @@@ ROGUE MODE // 2020.06.23 @ 18:51:48 Player: Decinym Result: Self-destructed Performance ------------- Evolutions (1) 500 Regions Visited (5) 1000 Robots Destroyed (24) 120 Value Destroyed (486) 486 Prototype IDs (25) 500 Alien Tech Used (0) 0 Bonus (429) 429 TOTAL SCORE: 3035 Bonus ------- Follower Combat Kills 129 Aligned with FarCom 300 Cogmind --------- Core Integrity 368/400 Matter 300/300 Energy 250/250 System Corruption 0% Temperature Cool (0) Movement Walking (150) Ox1 Location -9/Exiles Parts ------- > --- POWER (1) -------- Ion Engine > --- PROPULSION (3) --- Aluminum Leg Aluminum Leg Aluminum Leg > --- UTILITY (3) ------ Medium Storage Unit Medium Storage Unit Hardened Light Armor Plating > --- WEAPON (2) ------- Improved Assault Rifle Improved Assault Rifle > --- INVENTORY (12) --- Light Nuclear Core Wheel Improved Heat Sink Long-range Sensor Array Transport Network Coupler Improved EM Shotgun Improved EM Shotgun Lightning Gun Particle Gun Particle Gun Greatsword Peak State ------------ > --- POWER ------------ Ion Engine > --- PROPULSION ------- Aluminum Leg Aluminum Leg Aluminum Leg > --- UTILITY ---------- Medium Storage Unit Medium Storage Unit Hardened Light Armor Plating > --- WEAPON ----------- Improved Assault Rifle Improved Assault Rifle > --- INVENTORY -------- Light Nuclear Core Wheel Improved Heat Sink Long-range Sensor Array Transport Network Coupler Improved EM Shotgun Improved EM Shotgun Lightning Gun Particle Gun Particle Gun Greatsword [Rating: 17] Favorites ----------- Power Ion Engine Engine Ion Engine Propulsion Aluminum Leg Leg Aluminum Leg Wheel Compact Wheel Utility Medium Storage Unit Device Heat Sink Storage Medium Storage Unit Protection Hardened Light Armor Plating Weapon Improved Assault Rifle Energy Gun Small Laser Ballistic Gun Improved Assault Rifle Build | -11 -10 -10 -9 -9 -9 ------- Run | Scr Mat Min Mat Min Exi Slots Evolved 2 | . . . 2 . . Power . | . . . . . . Propulsion 1 | . . . 1 . . Utility 1 | . . . 1 . . Weapon . | . . . . . . Parts Attached 18 | . 6 . 12 . . Power 1 | . 1 . . . . Engine 1 | . 1 . . . . Core . | . . . . . . Reactor . | . . . . . . Propulsion 5 | . . . 5 . . Treads . | . . . . . . Leg 4 | . . . 4 . . Wheel 1 | . . . 1 . . Hover . | . . . . . . Flight . | . . . . . . Utility 4 | . 3 . 1 . . Device 1 | . 1 . . . . Storage 2 | . 2 . . . . Processor . | . . . . . . Hackware . | . . . . . . Protection 1 | . . . 1 . . Artifact . | . . . . . . Weapon 8 | . 2 . 6 . . Energy Gun 5 | . 2 . 3 . . Energy Cannon . | . . . . . . Ballistic Gun 3 | . . . 3 . . Ballistic Cannon . | . . . . . . Launcher . | . . . . . . Special Weapon . | . . . . . . Impact Weapon . | . . . . . . Slashing Weapon . | . . . . . . Piercing Weapon . | . . . . . . Special Melee Weapon . | . . . . . . Unidentified Prototypes 2 | . . . 2 . . Parts Lost 4 | . 3 . 1 . . Power . | . . . . . . Propulsion 1 | . . . 1 . . Utility 1 | . 1 . . . . Weapon 2 | . 2 . . . . Highest Loss Streak 2 | . 2 . 1 . . Average Slot Usage (%) 97 | . 94 100 92 100 100 Engine 11 | . 14 14 11 11 11 Leg 30 | . 28 28 26 33 33 Device 1 | . 6 . . . . Storage 21 | . 16 28 22 22 22 Protection 7 | . . . 9 11 11 Energy Gun 8 | . 27 28 3 . . Ballistic Gun 15 | . . . 18 22 22 Naked Turns . | . . . . . . Heaviest Build 32 | 12 23 23 32 32 32 Greatest Support 30 | 20 20 20 30 30 30 Greatest Overweight (x) 1 | . 1 1 1 1 1 Average Overweight (x) . | . . 1 1 1 1 Largest Inventory Capacity 12 | . 12 12 12 12 12 Average Capacity 11 | . 6 12 12 12 12 Most Carried 12 | . 9 9 12 12 12 Average Carried 10 | . 6 9 11 11 12 Final Capacity 12 | 6 12 12 12 12 12 Final Carried 12 | 6 9 9 12 12 12 Class Distribution -------------------- 52% | Scavenger-Mutant 47% | Mutant Dominant Class ---------------- Mutant | -10/Materials Mutant | -10/Mines Mutant | -9/Materials Scavenger-Mutant | -9/Mines Scavenger-Mutant | -9/Exiles Resources | -11 -10 -10 -9 -9 -9 ----------- Run | Scr Mat Min Mat Min Exi Matter Collected 557 | 200 50 . 155 152 . Remotely . | . . . . . . Salvage Created 809 | . 499 . 144 166 . Parts 51 | . 31 . 12 8 . Haulers Intercepted 2 | . 2 . . . . Recyclers Shooed 2 | . 1 . . 1 . Parts Field Recycled . | . . . . . . Retrieved Matter . | . . . . . . Parts Self-Destructed . | . . . . . . Prevented . | . . . . . . Kills | -11 -10 -10 -9 -9 -9 ------- Run | Scr Mat Min Mat Min Exi Combat Hostiles Destroyed 17 | . 9 . 3 5 . Guns 17 | . 9 . 3 5 . Classes Destroyed 8 | . 5 . 2 1 . Worker 1 | . . . . 1 . Builder 2 | . 1 . . 1 . Tunneler 1 | . . . 1 . . Hauler 2 | . 2 . . . . Recycler 1 | . 1 . . . . Swarmer 7 | . 3 . 1 3 . Grunt 8 | . 6 . . 2 . Sentry 2 | . . . 2 . . Best Kill Streak 4 | . 4 . 1 4 . Combat Bots Only 4 | . 4 . 1 3 . Max Kills in Single Turn 1 | . 1 . 1 1 . Gunslinging . | . . . . . . Exploded . | . . . . . . Melee . | . . . . . . Uniques/NPCs Destroyed . | . . . . . . Combat | -11 -10 -10 -9 -9 -9 -------- Run | Scr Mat Min Mat Min Exi Damage Taken 774 | . 483 . 98 193 . Core 162 | . 130 . 6 26 . Absorbed by Shields . | . . . . . . Core Remaining (%) 74 | 100 . 48 . . . Volleys Fired 71 | . 39 . 11 21 . Largest 2 | . 2 . 2 2 . Hottest 90 | . 90 . 46 46 . Shots Fired 140 | . 76 . 22 42 . Gun 140 | . 76 . 22 42 . Cannon . | . . . . . . Launcher . | . . . . . . Special . | . . . . . . Kinetic 64 | . . . 22 42 . Thermal 76 | . 76 . . . . Explosive . | . . . . . . Electromagnetic . | . . . . . . Robot Hit Streak 10 | . 6 . 6 10 . Robot Miss Streak 4 | . 2 . 4 2 . Penetration Max . | . . . . . . Secondary Targets 1 | . . . 1 . . Max Gunslinging Chain 1 | . . . 1 . . Shots Hit Robots 96 | . 52 . 13 31 . Core Hits 38 | . 24 . 6 8 . Critical Hits . | . . . . . . Critical Kills . | . . . . . . Critical Parts Destroyed . | . . . . . . Melee Attacks . | . . . . . . Impact . | . . . . . . Slashing . | . . . . . . Piercing . | . . . . . . Sneak Attacks . | . . . . . . Combat Hostiles . | . . . . . . Follow-up Attacks . | . . . . . . Damage Inflicted 1250 | . 557 . 238 455 . Guns 1250 | . 557 . 238 455 . Cannons . | . . . . . . Explosions . | . . . . . . Melee . | . . . . . . Ramming . | . . . . . . Kinetic 693 | . . . 238 455 . Thermal 557 | . 557 . . . . Explosive . | . . . . . . Electromagnetic . | . . . . . . Impact . | . . . . . . Slashing . | . . . . . . Piercing . | . . . . . . Highest Corruption . | . . . . . . Average Corruption . | . . . . . . Corruption Purged . | . . . . . . Overload Shots . | . . . . . . Overflow Damage . | . . . . . . Projectiles . | . . . . . . Explosions . | . . . . . . Melee . | . . . . . . Knockbacks . | . . . . . . Impact . | . . . . . . Kinetic . | . . . . . . Secondary . | . . . . . . Self-Inflicted Damage . | . . . . . . Shots . | . . . . . . Rammed . | . . . . . . Targets Rammed . | . . . . . . Kicked . | . . . . . . Crushed . | . . . . . . Highest Temperature 210 | . 210 . 3 3 . Average Temperature 61 | . 66 . 3 3 . Received Heat Transfer 306 | . 237 . 15 54 . Siege Activations . | . . . . . . Robots Corrupted . | . . . . . . Combat Hostiles . | . . . . . . Parts Fried . | . . . . . . Impact Corruptions . | . . . . . . Robots Melted . | . . . . . . Combat Hostiles . | . . . . . . Parts Melted 3 | . 3 . . . . Heat Transferred 1334 | . 1334 . . . . Parts Sabotaged . | . . . . . . Parts Stolen . | . . . . . . Parts Stripped . | . . . . . . Power Chain Reactions . | . . . . . . Missiles Intercepted . | . . . . . . Alert | -11 -10 -10 -9 -9 -9 ------- Run | Scr Mat Min Mat Min Exi Peak Influence 274 | . 219 85 274 272 . Average Influence 146 | . 108 85 129 222 . Maximum Alert Level 1 | . 1 . 1 1 . Low Security (%) 60 | . 76 100 60 32 . Level 1 39 | . 23 . 39 67 . Level 2 . | . . . . . . Level 3 . | . . . . . . Level 4 . | . . . . . . Level 5 . | . . . . . . High Security . | . . . . . . Max Security . | . . . . . . Squads Dispatched 1 | . . . . 1 . Investigation 1 | . . . . 1 . Extermination . | . . . . . . Reinforcement . | . . . . . . Assault . | . . . . . . Garrison . | . . . . . . Intercept . | . . . . . . Construction Impeded . | . . . . . . Haulers Reinforced . | . . . . . . Stealth | -11 -10 -10 -9 -9 -9 --------- Run | Scr Mat Min Mat Min Exi Distress Signals 3 | . 1 . 2 . . Communications Jammed . | . . . . . . Distress Signals . | . . . . . . Times Spotted 27 | . 10 . 11 6 . Peak Tracking Total 6 | . 6 . 4 5 . Tactical Retreats 2 | . 1 . . 1 . Traps | -11 -10 -10 -9 -9 -9 ------- Run | Scr Mat Min Mat Min Exi Traps Triggered . | . . . . . . Indirectly . | . . . . . . Trap Hack Attempts . | . . . . . . Triggered . | . . . . . . Disarmed . | . . . . . . Reprogrammed . | . . . . . . Reused . | . . . . . . Traps Extracted . | . . . . . . Installed . | . . . . . . Triggered . | . . . . . . Machines | -11 -10 -10 -9 -9 -9 ---------- Run | Scr Mat Min Mat Min Exi Machines Disabled . | . . . . . . Max in Single Turn . | . . . . . . Machines Sabotaged . | . . . . . . Garrisons Compromised . | . . . . . . Overloaded Fab Kills . | . . . . . . Fab Network Shutdowns . | . . . . . . Hacking | -11 -10 -10 -9 -9 -9 --------- Run | Scr Mat Min Mat Min Exi Machines Accessed 5 | . 1 . 1 1 2 Terminals 2 | . 1 . 1 . . Fabricators . | . . . . . . Repair Stations . | . . . . . . Recycling Units . | . . . . . . Scanalyzers . | . . . . . . Garrison Access . | . . . . . . Total Hacks 16 | . 5 . 3 1 7 Successful 9 | . . . 1 1 7 Failed 7 | . 5 . 2 . . Catastrophic 1 | . 1 . . . . Database Lockouts . | . . . . . . Manual 9 | . 5 . 3 . 1 Terminals 8 | . 5 . 3 . . Fabricators . | . . . . . . Repair Stations . | . . . . . . Recycling Units . | . . . . . . Scanalyzers . | . . . . . . Garrison Access . | . . . . . . Terminal Hacks 9 | . . . 1 1 7 Record 6 | . . . . . 6 Open Door 1 | . . . . 1 . Branch Access Points 1 | . . . 1 . . EX-Prototype ID Bank 1 | . . . . . 1 Fabricator Hacks . | . . . . . . Repair Station Hacks . | . . . . . . Recycling Unit Hacks . | . . . . . . Scanalyzer . | . . . . . . Garrison Access Hacks . | . . . . . . Unauthorized Hacks . | . . . . . . Terminals . | . . . . . . Fabricators . | . . . . . . Repair Stations . | . . . . . . Recycling Units . | . . . . . . Scanalyzers . | . . . . . . Garrison Access . | . . . . . . Data Cores Recovered . | . . . . . . Used . | . . . . . . Hacking Detections 2 | . 1 . 1 . . Full Trace Events . | . . . . . . Feedback Events . | . . . . . . Feedback Blocked . | . . . . . . Robot Schematics Acquired . | . . . . . . Robots Built . | . . . . . . Matter . | . . . . . . Time . | . . . . . . Total Robot Build Rating . | . . . . . . Part Schematics Acquired . | . . . . . . Parts Built . | . . . . . . Matter . | . . . . . . Time . | . . . . . . Total Part Build Rating . | . . . . . . Parts Repaired . | . . . . . . Time . | . . . . . . Parts Recycled . | . . . . . . Recycled Matter . | . . . . . . Retrieved Matter . | . . . . . . Retrieved Components . | . . . . . . Parts Scanalyzed . | . . . . . . Part Schematics Acquired . | . . . . . . Parts Damaged . | . . . . . . Bothacking | -11 -10 -10 -9 -9 -9 ------------ Run | Scr Mat Min Mat Min Exi Used RIF Installer . | . . . . . . Robots Hacked . | . . . . . . Non-combat . | . . . . . . Combat . | . . . . . . Robot Hacks Applied . | . . . . . . Relay Couplers Released . | . . . . . . Robots Rewired . | . . . . . . Allies Hacked . | . . . . . . Hacks Repelled . | . . . . . . Allies | -11 -10 -10 -9 -9 -9 -------- Run | Scr Mat Min Mat Min Exi Total Allies 5 | . . 5 . . . Largest Group 5 | . . 5 5 2 2 Highest-Rated Group 89 | . . 89 89 49 49 Highest-Rated Ally 31 | . . 31 31 31 31 Total Orders . | . . . . . . Ally Attacks 41 | . . . 38 3 . Total Damage 510 | . . . 449 61 . Kills 7 | . . . 6 1 . Allies Corrupted . | . . . . . . Allies Melted . | . . . . . . Intel | -11 -10 -10 -9 -9 -9 ------- Run | Scr Mat Min Mat Min Exi Robot Analysis Total . | . . . . . . Derelict Logs Recovered 1 | . . . . 1 . Drone Launches . | . . . . . . Drone Recoveries . | . . . . . . Exploration | -11 -10 -10 -9 -9 -9 ------------- Run | Scr Mat Min Mat Min Exi Turns Passed 1499 | . 291 116 356 313 423 Spaces Moved 836 | 1 124 78 191 160 282 Core . | . . . . . . Treads . | . . . . . . Legs 825 | 1 124 78 180 160 282 Wheels 11 | . . . 11 . . Hover . | . . . . . . Flight . | . . . . . . Fastest Speed 110 | 120 120 150 110 150 150 Average Speed 145 | 120 124 150 147 150 150 Slowest Speed 150 | 120 150 150 150 150 150 Overloaded Moves . | . . . . . . Propulsion Burnouts . | . . . . . . Robots Hopped . | . . . . . . Cave-ins Triggered . | . . . . . . Exploration Rate (%) 26 | 2 32 19 23 32 53 Regions Visited 5 Branch Regions 3 Pre-discovered Areas 1 | . . . . . 1 Known Exits Taken 2 | . . . 1 1 . Unknown Exits Taken 3 | 1 1 1 . . . Scrap Searched 1 | . . . . 1 . Spaces Dug . | . . . . . . Terrain Destroyed . | . . . . . . Melee . | . . . . . . Projectile . | . . . . . . AOE . | . . . . . . Actions | -11 -10 -10 -9 -9 -9 --------- Run | Scr Mat Min Mat Min Exi Total 982 | . 182 77 248 193 282 Wait 33 | . 11 . 16 6 . Move 831 | . 123 77 190 159 282 Hop . | . . . . . . Pick Up 13 | . 3 . 7 3 . Fast Attach 9 | . 2 . 7 . . Attach 3 | . 2 . 1 . . Detach . | . . . . . . Swap 6 | . 2 . 4 . . Drop 16 | . . . 12 4 . Fire 71 | . 39 . 11 21 . Melee . | . . . . . . Ram . | . . . . . . Kick . | . . . . . . Crush . | . . . . . . Escape Stasis . | . . . . . . Rewire . | . . . . . . Trap . | . . . . . . Miscellaneous . | . . . . . . Route ------- -11/Scrapyard -10/Materials -10/Mines -9/Materials (discovered 2 exits: *Min x2) -9/Mines (discovered 2 exits: [*Mat] / *Exi) -9/Exiles History --------- Turn | Location | Event 1 | -11/Scrapyard | Discovered new exit (range 0) 1 | -11/Scrapyard | Entered Materials 164 | -10/Materials | Discovered new exit (range 16) 205 | -10/Materials | Core integrity fell below 50% 292 | -10/Materials | Entered Mines 308 | -10/Mines | Build established: Mutant 388 | -10/Mines | Discovered new exit (range 6) 400 | -10/Mines | Assisted by bots powering up and referring to "LRC-V3" 408 | -10/Mines | Entered Materials 408 | -9/Materials | Accompanied by 5 allies 408 | -9/Materials | Evolved 2 slots: Propulsion x1, Utility x1 413 | -9/Materials | Led the pair of lost Derelicts to an unsafe place 605 | -9/Materials | Identified exit to Mines 764 | -9/Materials | Entered Mines 764 | -9/Mines | Accompanied by 2 allies 774 | -9/Mines | Met a Derelict shopkeep closing up shop 907 | -9/Mines | Identified exit to Exiles 939 | -9/Mines | Discovered new exit (range 9) 1021 | -9/Mines | Build established: Scavenger-Mutant 1063 | -9/Mines | Deemed a non-threat by the Exiles lab entrance 1077 | -9/Mines | Entered Exiles 1077 | -9/Exiles | Accompanied by 2 allies 1107 | -9/Exiles | Led the pair of lost Derelicts to a safe place 1115 | -9/Exiles | Met 8R-AWN 1142 | -9/Exiles | Met EX-HEX 1209 | -9/Exiles | Met EX-DEC 1229 | -9/Exiles | Learned location of Zion (-6) 1427 | -9/Exiles | Met EX-BIN 1455 | -9/Exiles | Aligned with FarCom system 1457 | -9/Exiles | Given EX-Vault access code 1494 | -9/Exiles | Opened EX-Vault 1500 | -9/Exiles | Self-destructed Last Messages --------------- Modified TNC 0b10 Alert Chip Cloak of Protection Skeleton Box Trap Reconfigurator Supersonic Drone Bay Army-in-a-Box PSU Rigger Chronowheel AWS/Thermal Latent Energy Streamer Gui. Plasma Cannon Firepult YOLO Cannon AWS/Gauss XL Autogun Array AWS/Autocannon Field Lobotomy Kit Longsword +1 Deploy-a-Sentry Map ----- +----------------------------------------------------+ | | | | | | | | | | | | | | | | | | | | | | | | | | | | | | | | | | | | | | | | | ???????????????????#########?????????????????????? | | ???????????????????# !#?????????????????????? | | ???????????????????# [ #?????????????????????? | | ???????????????????#! #?????????????????????? | | ???????????????????# X#?????????????????????? | | ???????????????????## @#??????????????????????? | | ???????????????????#X #??????????????????????? | | ???????????????????## #??????????????????????? | | ????????????????????# #??????????????????????? | | ????????????????????# #???###????????????????? | | ????????????????????# #??"""""#??????????????? | | ????????????????????# ## """#??????????????? | | ????????????????????# X""#??????????????? | | ????????????????????# ## """#??????????????? | | ???????????????###??# #??"""""#??????????????? | | ??????????????"""""?# #???###????????????????? | | ??????????????""" ## #??????????????????????? | | ????????????#""X" #??????????????????????? | | ????????????#" #??????????????????????? | | ????????????#" ## #??????????????????????? | | ????????????#""""""?# #?#########????????????? | | ??????????????"###??# #?#"""""""#????????????? | | ????????????????????# #?#"""""""#????????????? | | ????????????????????# #?#"""""""#????????????? | | ???????????????????## ###"" """"#????????????? | | ???????????????????#" """"#????????????? | | ???????????????????#" """#????????????? | | ???????????????????#" """#????????????? | | ???????????????????#" """#????????????? | | ??????####?????????#" """#????????????? | +----------------------------------------------------+ Best States ------------- Heat Dissipation 35 Energy Generation 10 Energy Capacity 250 Matter Stores 300 Matter Capacity 300 Sight Range 16 Terrain Scan Density 10 Armor Coverage 150 Evasion (%) 40 Item Schematics ----------------- None Robot Schematics ------------------ None Fabricated ------------ Nothing Alien Tech Used ----------------- None Achievements -------------- None Challenges ------------ None Game ------ Seed BiocellHardenedSuite Manual? 0 Play Time 00:07:50 Cumulative 319.7 hours Start 2020.06.23 @ 18:45:00 End 2020.06.23 @ 18:51:48 Sessions 1 Manual Loads 0 Difficulty Rogue Special Mode None Game No. 350 Rogue 350 Adventurer 0 Explorer 0 Win Type - Total 29 Types 17/3/2/1/2/1/3 Lore% 93 Gallery% 88 Achievement% 78 Wizard Run 0 Options --------- ASCII 0 Keyboard 0 Movement Arrows Keybinds 0 Fullscreen 2 Font 18/SmallcapsGlow Map View 76x50 Tactical HUD 1 Map Filters NONE Filters NONE Steam 1 RUN: 1770471d-574d-46e4-9b36-89fafe237e11